 Dungeon Crawl Stone Soup version 0.23.0-3-gf3c87f2df8 (webtiles) character file.

Game seed: 1597523615573201155

30821 Esekla the Nimble (level 13, -3/80 HPs)
             Began as a Tengu Wanderer on Feb 23, 2019.
             Was a High Priest of Uskayaw.
             Killed from afar by an ogre mage (37 damage)
             ... with a bolt of cold
             ... on level 2 of the Orcish Mines.
             The game lasted 02:52:07 (16562 turns).

Esekla the Nimble (Tengu Wanderer)                 Turns: 16562, Time: 02:52:07

Health: -3/80      AC: 11    Str: 12    XL:     13   Next: 54%
Magic:  17/17      EV: 22    Int: 14    God:    Uskayaw [*****.]
Gold:   1380       SH:  4    Dex: 24    Spells: 12/12 levels left

rFire    . . .     SeeInvis +   m - +2 dagger (venom)
rCold    . . .     Gourm    .   (no shield)
rNeg     . . .     Faith    .   r - +1 ring mail
rPois    +         Spirit   .   O - +2 hat {SInv}
rElec    .         Reflect  .   (no cloak)
rCorr    .         Harm     .   (no gloves)
MR       .....                  (boots unavailable)
Stlth    ++........             h - amulet of regeneration
HPRegen  0.63/turn              M - ring of poison resistance
MPRegen  0.15/turn              w - ring "Guoraq" {AC+1 Dex+4}

@: no status effects
A: beak, talons 3, large bone plates 1, agile 1, MP-powered wands, able to fly
a: Fly, Stomp, Line Pass, Grand Finale, Renounce Religion


You were on level 2 of the Orcish Mines.
You worshipped Uskayaw.
Uskayaw was noncommittal.
You were not hungry.

You visited 3 branches of the dungeon, and saw 16 of its levels.
You also visited: Sewer.

You collected 1480 gold pieces.
You spent 100 gold pieces at shops.

Inventory:

Hand Weapons
 a - a +2 short sword
 d - the +2 rapier "Goblinslayer" {freeze, Str+4 Int+3}
   (You found it on level 11 of the Dungeon)

   It has been specially enchanted to freeze those struck by it, causing extra
   injury to most foes and up to half again as much damage against particularly
   susceptible opponents.
   It can also slow down cold-blooded creatures.
   It affects your strength (+4).
   It affects your intelligence (+3).
 m - a +2 dagger of venom (weapon)
 n - a +1 vampiric spear
 s - a +1 hand axe of chopping
 u - a +0 dagger of venom
 U - a +2 scimitar of freezing
Missiles
 q - 3 tomahawks (quivered)
 v - 3 tomahawks of returning
 N - 3 javelins
Armour
 r - a +1 ring mail (worn)
 O - a +2 hat of see invisible (worn)
 V - a +1 plate armour of magic resistance
Jewellery
 h - an amulet of regeneration (around neck)
 w - the ring "Guoraq" (right hand) {AC+1 Dex+4}
   (You found it on level 1 of the Lair of Beasts)

   [ring of protection]

   It affects your AC (+1).
   It affects your dexterity (+4).
 B - a +4 ring of strength
 E - an uncursed ring of magical power
 M - a ring of poison resistance (left hand)
Wands
 o - a wand of disintegration (21)
 y - a wand of flame (15)
 F - a wand of acid (22)
 H - a wand of scattershot (5)
 I - a wand of polymorph (5)
 J - a wand of paralysis (5)
Scrolls
 b - 12 scrolls of teleportation
 g - 6 scrolls of enchant armour
 k - 2 scrolls of remove curse
 l - 2 scrolls of noise
 D - a scroll of enchant weapon {unknown}
 G - a scroll of blinking
 K - a scroll of silence
 L - a scroll of fear
 P - 2 scrolls of amnesia
 Q - a scroll of magic mapping
 R - a scroll of fog {unknown}
Potions
 c - 5 potions of curing
 e - a potion of flight
 i - 4 potions of magic
 j - 6 potions of lignification
 p - 3 potions of haste
 t - a potion of cancellation
 x - 3 potions of brilliance
 z - 2 potions of berserk rage
 A - 3 potions of agility
 C - 2 potions of might
 S - 3 potions of heal wounds
 T - a potion of resistance {unknown}
Comestibles
 f - 10 rations


   Skills:
 + Level 9.1 Fighting
 - Level 11.0 Short Blades
 * Level 6.3 Polearms
 + Level 6.6 Throwing
 + Level 10.8 Armour
 * Level 13.1 Dodging
 - Level 3.0 Stealth
   Level 1.0 Shields
 + Level 4.4 Invocations
 + Level 0.8 Evocations


You had 12 spell levels left.
You didn't know any spells.
Your spell library contained the following spells:

 Spells                   Type           Power        Failure   Level  Hunger
 Beastly Appendage        Tmut           #.....       47%         1    ##.....
 Confusing Touch          Hex            #.....       47%         1    ##.....
 Shock                    Conj/Air       #...         47%         1    ##.....
 Summon Small Mammal      Summ           #...         47%         1    ##.....
 Call Imp                 Summ           #.......     63%         2    ###....
 Sticks to Snakes         Tmut           #.......     63%         2    ###....
 Swiftness                Chrm/Air       #.......     63%         2    ###....
 Call Canine Familiar     Summ           #.......     85%         3    ####...
 Confuse                  Hex            #.......     85%         3    ####...
 Gell's Gravitas          Tloc           #.........   85%         3    ####...
 Spider Form              Tmut/Pois      #.........   85%         3    ####...
 Static Discharge         Conj/Air       #.......     85%         3    ####...
 Summon Guardian Golem    Hex/Summ       #.......     85%         3    ####...
 Airstrike                Air            #.........   99%         4    #####..
 Ice Form                 Ice/Tmut       #.......     99%         4    #####..
 Petrify                  Tmut/Erth      #.......     99%         4    #####..
 Summon Ice Beast         Ice/Summ       #.......     99%         4    #####..
 Summon Lightning Spire   Summ/Air       #.......     99%         4    #####..
 Blade Hands              Tmut           #.........   100%        5    ######.
 Lightning Bolt           Conj/Air       #.........   100%        5    ######.
 Metabolic Englaciation   Hex/Ice        #.........   100%        5    ######.
 Yara's Violent Unravell  Hex/Tmut       #.........   100%        5    ######.


Dungeon Overview and Level Annotations

Branches:
Dungeon (12/15)            Temple (0/1) D:5            Lair (2/6) D:11
    Orc (2/2) D:9
  Swamp: Lair:2-4    Shoals: Lair:2-4     Snake: Lair:2-4    Spider: Lair:2-4
    Elf: Orc:2

Altars:
Ashenzari
Cheibriados
Fedhas
Hepliaklqana
Makhleb
Nemelex Xobeh
Ru
Sif Muna
Trog
Uskayaw
Wu Jian
Yredelemnul
The Shining One
Beogh

Shops:
D:5 *   Orc:2 (%


Innate Abilities, Weirdness & Mutations

You have a beak for a mouth.
You have claws for feet.
You can fly continuously.
You are partially covered in large bone plates. (SH +4)
You are agile. (Dex +2)
You expend magic power (3 MP) to strengthen your wands.


Message History

The troll completely misses you. The troll barely misses you.
The troll completely misses you.
You hit the troll.
The troll looks as sick as possible!
Your kick misses the troll. You peck the troll, but do no damage.
The troll is almost dead.
You hit the troll but do no damage. You claw the troll.
The troll is almost dead.
The troll completely misses you. x3
You hit the troll but do no damage.
The troll looks as sick as possible!
You claw the troll.
You kill the troll!
You hit the two-headed ogre.
The two-headed ogre is poisoned.
The two-headed ogre is lightly wounded.
The two-headed ogre hits you with a +0 giant spiked club!!
The two-headed ogre barely misses you.
Items here: )) [ รทรท a +0 club; a +0 robe; a +0 dagger; an orc skeleton x2
The ogre mage points at you and mumbles some strange words.
The bolt of cold hits you!!!
You die...

##..............#
....#.#...........#
......#............#
.....##............# .
...#....#.#.)....)...##
.##..#.......#).[.......#
.................[.....##
.....#.........))......#
..#..........[))@.....##
............)TO[.......#
............#.)........#
....((...(.).)..........#
......)..))O.)).........#
........(..........#....#
.(....((............##.##
................#....###
......................#


You could see a two-headed ogre, an ogre mage and a deep troll.

Vanquished Creatures
  Gastronok (D:11)
  An ettin (D:12)
  A hydra (D:9)
  4 two-headed ogres
  An unseen horror (D:12)
  Pikel (D:4)
  An orc knight (Orc:1)
  An orc sorcerer (Orc:1)
  2 ugly things (D:12)
  A cyclops (D:12)
  A manticore (D:6)
  3 centaur zombies
  2 black mambas (Lair:2)
  5 spiny frogs
  A komodo dragon (Lair:1)
  5 trolls
  Grinder (D:5)
  2 hippogriffs
  9 blink frogs
  2 dream sheep (D:9)
  2 wyverns
  A vampire (D:12)
  3 fire bats (Orc:1)
  32 yaks
  4 hungry ghosts
  Menkaure (D:6)
  6 wargs
  4 water moccasins
  17 orc warriors
  A porcupine (Lair:1)
  2 black bears
  3 sky beasts
  5 ice beasts
  An eye of draining (D:11)
  10 ogres
  9 centaurs
  A phantom (D:9)
  4 big kobolds
  3 crocodiles
  11 bullfrogs
  A scorpion (D:7)
  2 troll zombies (D:9)
  A water moccasin skeleton (D:5)
  3 killer bees (D:10)
  An electric eel (Lair:1)
  A howler monkey (D:9)
  4 crimson imps
  2 bullfrog zombies
  A centaur skeleton (D:8)
  10 hounds
  3 jellies
  10 orc priests
  9 orc wizards
  4 bullfrog skeletons
  An iguana (D:7)
  5 worker ants
  6 ogre zombies (D:9)
  A hound zombie (D:6)
  A howler monkey zombie (D:8)
  Robin (D:2)
  2 worker ant zombies
  10 adders
  A shadow imp (D:5)
  3 oozes
  4 worms
  5 dart slugs
  12 leopard geckos
  61 orcs
  7 ball pythons
  5 giant cockroaches
  2 gnoll zombies (D:6)
  13 goblins
  15 hobgoblins
  15 jackals
  5 quokkas
  4 bats
  16 frilled lizards
  2 goblin skeletons (D:9)
  3 goblin zombies (D:9)
  A hobgoblin skeleton (D:9)
  4 hobgoblin zombies (D:9)
  A jackal skeleton (D:4)
  11 kobolds
  2 leopard gecko skeletons (D:4)
  An orc skeleton (D:9)
  14 orc zombies (D:9)
  5 rats
456 creatures vanquished.

Vanquished Creatures (others)
  A plant (Lair:1)
1 creature vanquished.

Grand Total: 457 creatures vanquished

Notes
Turn   | Place    | Note
-------+----------+-------------------------------------------
     0 | D:1      | Esekla the Tengu Wanderer began the quest for the Orb.
     0 | D:1      | Esekla set off with the following items: a +2 short sword,
                  | a scroll of teleportation, a potion of curing, a +0 robe, a
                  | +0 dagger, a ration
     0 | D:1      | Reached XP level 1. HP: 15/15 MP: 2/2
   165 | D:1      | Reached skill level 1 in Dodging
   193 | D:1      | Reached XP level 2. HP: 10/20 MP: 3/3
   437 | D:1      | Reached XP level 3. HP: 22/24 MP: 4/4
   461 | D:1      | Reached skill level 2 in Dodging
   835 | D:2      | Noticed Robin
   862 | D:2      | Killed Robin
   862 | D:2      | Reached XP level 4. HP: 12/29 MP: 5/5
  1790 | D:3      | Gained mutation: You can fly continuously. [Tengu growth]
  1790 | D:3      | Reached XP level 5. HP: 33/33 MP: 6/6
  1837 | D:3      | Found a blossoming altar of Fedhas.
  2181 | D:2      | Found a hide-covered altar of Uskayaw.
  2224 | D:2      | Became a worshipper of Uskayaw the Reveler
  2447 | D:3      | Reached * piety under Uskayaw
  2490 | D:4      | Reached ** piety under Uskayaw
  2491 | D:4      | Reached skill level 3 in Dodging
  2518 | D:4      | Noticed a slave
  2518 | D:4      | Noticed a slave
  2518 | D:4      | Noticed a slave
  2521 | D:4      | Noticed Pikel
  2528 | D:4      | Noticed a slave
  3046 | D:3      | Reached skill level 5 in Short Blades
  3089 | D:4      | Found a glowing drain.
  3100 | Sewer    | Entered a sewer
  3347 | Sewer    | Reached XP level 6. HP: 34/38 MP: 7/7
  3430 | Sewer    | Reached skill level 1 in Armour
  3571 | Sewer    | Reached *** piety under Uskayaw
  3867 | D:4      | Reached skill level 4 in Dodging
  3867 | D:4      | Reached XP level 7. HP: 38/43 MP: 8/8
  3906 | D:5      | Entered Level 5 of the Dungeon
  4099 | D:4      | Killed Pikel
  4099 | D:4      | Reached XP level 8. HP: 48/48 MP: 9/9
  4647 | D:5      | Found a burning altar of Makhleb.
  4647 | D:5      | Noticed a blizzard demon
  4884 | D:5      | Found a glowing golden altar of the Shining One.
  4891 | D:5      | Found a snail-covered altar of Cheibriados.
  4896 | D:5      | Found a bloodstained altar of Trog.
  4903 | D:5      | Found a deep blue altar of Sif Muna.
  4908 | D:5      | Found an ornate altar of the Wu Jian Council.
  4915 | D:5      | Found a sacrificial altar of Ru.
  4920 | D:5      | Found a hazy altar of Hepliaklqana.
  4981 | D:5      | Reached skill level 5 in Armour
  4981 | D:5      | Reached skill level 5 in Dodging
  5020 | D:5      | Found a staircase to the Ecumenical Temple.
  5061 | D:5      | Found Zulef's Assorted Antiques.
  5174 | D:5      | Bought a scroll of identify for 40 gold pieces
  5174 | D:5      | Bought a scroll of identify for 40 gold pieces
  5176 | D:5      | Bought a scroll labeled UTTEVO OCKYIPUO for 20 gold pieces
  5600 | D:6      | Reached **** piety under Uskayaw
  5601 | D:6      | Noticed a manticore
  5706 | D:6      | Noticed Grinder
  5725 | D:6      | Reached XP level 9. HP: 47/52 MP: 10/10
  5752 | D:5      | Killed Grinder
  5895 | D:6      | Noticed Menkaure
  5903 | D:6      | Killed Menkaure
  5903 | D:6      | Reached skill level 6 in Dodging
  6009 | D:6      | Found a basalt altar of Yredelemnul.
  7199 | D:8      | Reached skill level 10 in Short Blades
  7201 | D:8      | Found a glowing golden altar of the Shining One.
  7253 | D:8      | Found a sparkling altar of Nemelex Xobeh.
  7350 | D:8      | Gained mutation: You have a pair of small antennae on your
                  | head. [potion of mutation]
  7350 | D:8      | Gained mutation: You are agile. (Dex +2) [potion of
                  | mutation]
  8082 | D:6      | Killed a manticore
  8082 | D:6      | Reached XP level 10. HP: 27/56 MP: 11/11
  8190 | D:8      | Reached skill level 7 in Dodging
  8477 | D:9      | Found a staircase to the Orcish Mines.
  8982 | D:9      | Reached ***** piety under Uskayaw
  9191 | D:9      | Reached skill level 1 in Invocations
  9239 | D:9      | Found a shattered altar of Ashenzari.
  9263 | D:9      | Reached skill level 8 in Dodging
  9530 | D:9      | Reached ****** piety under Uskayaw
  9665 | Orc:1    | Entered Level 1 of the Orcish Mines
  9678 | Orc:1    | Noticed an orc sorcerer
  9687 | Orc:1    | Noticed a rust devil
  9874 | D:9      | Found a roughly hewn altar of Beogh.
 10024 | D:9      | Reached XP level 11. HP: 49/62 MP: 13/13
 10032 | D:9      | Reached skill level 5 in Fighting
 10033 | D:9      | Reached skill level 9 in Dodging
 10075 | D:9      | Noticed a two-headed hydra
 10085 | D:9      | Killed a two-headed hydra
 10127 | D:10     | Entered Level 10 of the Dungeon
 10757 | D:10     | Noticed a two-headed ogre
 11194 | D:10     | Killed a two-headed ogre
 11194 | D:10     | Reached skill level 1 in Polearms
 11238 | D:10     | Reached skill level 10 in Dodging
 11495 | D:11     | Reached skill level 10 in Armour
 11640 | D:11     | Got a jewelled rapier
 11641 | D:11     | Identified the cursed +2 rapier "Goblinslayer" {freeze,
                  | Str+4 Int+3} (You found it on level 11 of the Dungeon)
 11642 | D:11     | Lost mutation: You are agile. (Dex +2) [potion of mutation]
 11642 | D:11     | Gained mutation: You occasionally shout uncontrollably at
                  | your foes. [potion of mutation]
 11642 | D:11     | Gained mutation: You are agile. (Dex +2) [potion of
                  | mutation]
 11643 | D:11     | Lost mutation: You occasionally shout uncontrollably at
                  | your foes. [potion of mutation]
 11643 | D:11     | Lost mutation: You are agile. (Dex +2) [potion of mutation]
 11643 | D:11     | Lost mutation: You have a pair of small antennae on your
                  | head. [potion of mutation]
 11643 | D:11     | Gained mutation: You are agile. (Dex +2) [potion of
                  | mutation]
 11643 | D:11     | Gained mutation: You expend magic power (3 MP) to
                  | strengthen your wands. [potion of mutation]
 11643 | D:11     | Gained mutation: You are partially covered in large bone
                  | plates. (SH +4) [potion of mutation]
 12022 | D:11     | Found a staircase to the Lair.
 12061 | Lair:1   | Entered Level 1 of the Lair of Beasts
 12225 | Lair:1   | Reached XP level 12. HP: 68/71 MP: 16/16
 12441 | Lair:1   | Got a steaming wooden ring
 12443 | Lair:1   | Identified the ring "Guoraq" {AC+1 Dex+4} (You found it on
                  | level 1 of the Lair of Beasts)
 12959 | D:11     | Noticed Gastronok
 12983 | D:11     | Killed Gastronok
 12983 | D:11     | Reached skill level 5 in Throwing
 12983 | D:11     | Reached skill level 11 in Dodging
 13661 | D:12     | Noticed a fire dragon
 14153 | D:12     | Noticed an ettin
 14172 | D:12     | Killed an ettin
 14210 | D:12     | Noticed a tengu reaver
 14672 | Lair:2   | Noticed an eight-headed hydra
 14743 | Lair:2   | Reached skill level 12 in Dodging
 14788 | Lair:2   | Reached skill level 5 in Polearms
 14871 | Lair:2   | Reached XP level 13. HP: 58/78 MP: 17/17
 15973 | Orc:2    | Entered Level 2 of the Orcish Mines
 16443 | Orc:2    | Found Fathakhlu's Antique Weapon Boutique.
 16443 | Orc:2    | Found Soetad's Food Emporium.
 16507 | Orc:2    | Reached skill level 13 in Dodging
 16562 | Orc:2    | Killed from afar by an ogre mage

Skill      XL: |  1  2  3  4  5  6  7  8  9 10 11 12 13 |
---------------+----------------------------------------+-----
Dodging        | 1 2 3 4 5 6 8 10 12 13 | 13.1
Short Blades   | 2 3 4 5 7 8 10 11 | 11.0
Armour         | 2 4 6 7 9 10 | 10.8
Throwing       | 2 3 4 5 6 |  6.6
Invocations    | 2 4 |  4.4
Fighting       | 6 8 9 |  9.1
Polearms       | 2 5 6 |  6.3
Stealth        | |  3.0
Shields        | |  1.0
Evocations     | |  0.8

Action                   |  1- 3 |  4- 6 |  7- 9 | 10-12 | 13-15 || total
-------------------------+-------+-------+-------+-------+-------++-------
Melee: Short sword       |    56 |     8 |       |       |       ||    64
       Kick              |    12 |    43 |   104 |   461 |   156 ||   776
       Peck              |     4 |    31 |    65 |   281 |    84 ||   465
       Dagger            |       |   168 |   259 |  1001 |   323 ||  1751
       Spear             |       |       |       |    12 |       ||    12
       Rapier            |       |       |       |    12 |     4 ||    16
Throw: Tomahawk          |       |       |     8 |    35 |    37 ||    80
       Javelin           |       |       |       |    17 |       ||    17
Invok: Line Pass         |       |       |       |     1 |       ||     1
 Abil: Fly               |       |     2 |       |       |       ||     2
       Stop Flying       |       |     2 |       |       |       ||     2
Evoke: Wand              |       |       |     3 |       |       ||     3
  Use: Scroll            |       |     9 |    12 |    14 |       ||    35
       Potion            |       |     1 |     4 |     5 |       ||    10
 Stab: Sleeping          |     9 |     2 |     6 |    10 |     2 ||    29
       Paralysed         |       |     1 |     2 |    39 |    12 ||    54
       Distracted        |       |     1 |       |     3 |       ||     4
  Eat: Ration            |       |     3 |     4 |     9 |     2 ||    18
       Chunk             |       |       |       |     2 |       ||     2
Armor: Robe              |     3 |     7 |       |       |       ||    10
       Ring mail         |       |    48 |    42 |   100 |    21 ||   211
Dodge: Dodged            |    22 |   112 |   119 |   462 |   158 ||   873
Block: Other             |       |       |       |    27 |    29 ||    56
